AoeStats
← educornejo07

Arena

510406140Analyzed
1v1 RM · 21h ago on Sep 30, 2026· 48m 34s· 2 players
Game mode
Random Map
Map size
Tiny (2 player)
Population
200
Speed
Normal
Resources
Standard
Victory
Conquest
Starting age
Dark Age
Ending age
Imperial Age
RankedLock teamsTeams togetherTeam positionsShared explorationLock speedFull tech treeHidden civsTurbo modeCheats
Victory
Defeat
🇲🇽 Portuguese · Mexico
613
+14
🇨🇷 Bohemians · Costa Rica
571
-14
NUGSco
12:37 Feudal Age
18:11 Castle Age
17:03 Loom
17:26 Man-at-Arms
23:11 Double-Bit Axe
30:59 Pikeman
31:42 Squires
42:03 Imperial Age
40:34 Wheelbarrow
43:41 Chemistry
educornejo07
6:21 Loom
10:52 Feudal Age
11:18 Double-Bit Axe
12:03 Horse Collar
20:15 Castle Age
20:32 Scale Barding Armor
20:46 Light Cavalry
24:43 Fervor
27:51 Fletching
28:01 Padded Archer Armor
28:22 Chain Barding Armor
29:50 Wheelbarrow
33:49 Imperial Age
31:45 Ballistics
34:54 Conscription
34:36 Arquebus
37:03 Chemistry
36:09 Siege Engineers
37:22 Crossbowman
43:41 Siege Engineers
43:31 Murder Holes
48:11 Plate Barding Armor
47:51 Leather Archer Armor
47:31 Bodkin Arrow
Connection lost

Rejoining the realm…

Still unreachable

The connection could not be restored.

Session expired

The server has moved on; the page needs a fresh start.